 Dungeon Crawl Stone Soup version 0.27.1-33-g824d729ab1 (webtiles) character file.

Game seed: 4495967506928398588

122 zeram the Chopper (level 5, 0/46 HPs)
             Began as a Hill Orc Fighter on Nov 28, 2021.
             Slain by a worm (6 damage)
             ... on level 2 of the Dungeon.
             The game lasted 00:02:11 (1662 turns).

zeram the Chopper (Hill Orc Fighter)                Turns: 1662, Time: 00:02:12

Health: 0/46       AC:  8    Str: 19    XL:     5   Next: 6%
Magic:  5/5        EV:  7    Int:  9    God:
Gold:   78         SH:  9    Dex: 10    Spells: 4/4 levels left

rFire    . . .     SeeInvis .   a - +0 war axe
rCold    . . .     Faith    .   c - +0 kite shield
rNeg     . . .     Spirit   .   b - +0 scale mail
rPois    .         Reflect  .   (no helmet)
rElec    .         Harm     .   (no cloak)
rCorr    .         Rampage  .   d - +0 pair of gloves
Will     .....                  (no boots)
Stlth    ..........             (no amulet)
HPRegen  0.15/turn              (no ring)
MPRegen  0.09/turn              (no ring)

@: no status effects
A: no striking features
a: no special abilities


You were on level 2 of the Dungeon.
You visited 1 branch of the dungeon, and saw 2 of its levels.

You collected 78 gold pieces.

Inventory:

Hand Weapons
 a - a +0 war axe (weapon)
Armour
 b - a +0 scale mail (worn)
 c - a +0 kite shield (worn)
 d - a +0 pair of gloves (worn)
 f - a +0 robe
Scrolls
 e - a scroll of identify {unknown}
 g - a scroll of acquirement {unknown}
 h - a scroll of holy word {unknown}


   Skills:
 - Level 3.8 Fighting
 + Level 5.2 Axes
 - Level 3.5 Armour
 - Level 0.4 Dodging
 + Level 4.3 Shields


You had 4 spell levels left.
You didn't know any spells.
Your spell library was empty.

Dungeon Overview and Level Annotations

Branches:
Dungeon (2/15)

Altars:


Message History

No target in view!
No target in view!
No target in view!
No target in view!
No target in view!
No target in view!
No target in view!
No target in view!
No target in view!
No target in view!
No target in view!
No target in view!
A worm comes into view.
Found a stone staircase leading up.
The worm moves out of view.
A worm is nearby!
A worm is nearby!
A worm is nearby!
The worm bites you! The worm bites you but does no damage. The worm bites you.
You block the worm's attack. The worm bites you! The worm bites you.
You block the worm's attack. You block the worm's attack. The worm bites you!
The worm bites you!
* * * LOW HITPOINT WARNING * * *
The worm barely misses you. The worm bites you.
* * * LOW HITPOINT WARNING * * *
The worm bites you!
* * * LOW HITPOINT WARNING * * *
You block the worm's attack. The worm bites you but does no damage.
The worm completely misses you. You block the worm's attack.
You block the worm's attack. The worm bites you.
You die...

....^...#
#............#..#
........#
#............##.#
........#
#............##.#
........#
#............# .#
###.#####
#............# .#
#.#
#............. .#
#........
########........
......w@........
................
................
........########
........#
.......<#
........#
........+


You could see a worm.

Vanquished Creatures
  A phantom (D:2)
  A worm (D:2)
  2 dart slugs
  5 ball pythons
  3 endoplasms
  A giant cockroach (D:1)
  3 goblins
  A hobgoblin (D:2)
  4 jackals (D:1)
  3 kobolds
  3 quokkas
  3 bats (D:1)
  3 frilled lizards
  3 rats (D:2)
36 creatures vanquished.

Notes
Turn   | Place    | Note
-------+----------+-------------------------------------------
     0 | D:1      | zeram the Hill Orc Fighter began the quest for the Orb.
     0 | D:1      | Reached XP level 1. HP: 19/19 MP: 1/1
   311 | D:1      | Reached XP level 2. HP: 22/27 MP: 2/2
   663 | D:1      | Reached skill level 3 in Axes
   815 | D:1      | Reached XP level 3. HP: 17/33 MP: 3/3
  1050 | D:2      | Noticed a phantom
  1061 | D:2      | Killed a phantom
  1062 | D:2      | Reached skill level 4 in Axes
  1062 | D:2      | Reached XP level 4. HP: 22/40 MP: 4/4
  1229 | D:2      | Reached skill level 5 in Axes
  1489 | D:2      | Reached XP level 5. HP: 43/46 MP: 5/5
  1662 | D:2      | Slain by a worm

Illustrated notes

Levels and vault maps discovered:
D:1:      dpeg_arrival_tiny_h, layout_basic
D:2:      layout_basic, dilly_ecumenical_altar_fadedgnrine, uniq_natasha

Skill      XL: |  1  2  3  4 |
---------------+-------------+-----
Axes           | 3 4 5 |  5.2
Shields        | 4 |  4.3
Fighting       | |  3.8
Armour         | |  3.5
Dodging        | |  0.4

Action                   |  1- 3 |  4- 6 || total
-------------------------+-------+-------++-------
Melee: War axe           |    93 |    37 ||   130
  Use: Potion            |     1 |       ||     1
Armor: Scale mail        |    52 |    19 ||    71
Dodge: Dodged            |    37 |     9 ||    46
Block: Kite shield       |    50 |    17 ||    67
